 Dungeon Crawl Stone Soup version 0.25-b1-29-g4cfa5c7bda (webtiles) character file.

Game seed: 1831098399846433471, levelgen mode: deterministic

214 Mrkan the Chopper (level 5, -2/47 HPs)
             Began as a Minotaur Fighter on June 3, 2020.
             Was an Initiate of Fedhas.
             Slain by Eustachio
             ... wielding a +0 falchion
              (6 damage)
             ... on level 4 of the Dungeon.
             The game lasted 00:03:41 (2820 turns).

Mrkan the Chopper (Minotaur Fighter)                Turns: 2820, Time: 00:03:41

Health: -2/47      AC:  7    Str: 21    XL:     5   Next: 59%
Magic:  4/4        EV:  7    Int:  6    God:    Fedhas [......]
Gold:   140        SH: 14    Dex:  9    Spells: 4/4 levels left

rFire    . . .     SeeInvis .   a - +0 war axe
rCold    . . .     Gourm    .   c - +0 kite shield
rNeg     . . .     Faith    .   b - +0 scale mail
rPois    .         Spirit   .   (helmet restricted)
rElec    .         Reflect  +   (no cloak)
rCorr    .         Harm     .   (no gloves)
MR       .....                  (no boots)
Stlth    ..........             e - amulet of reflection
HPRegen  0.15/turn              (no ring)
MPRegen  0.09/turn              (no ring)

@: flying
A: retaliatory headbutt, horns 2
a: Renounce Religion


You were on level 4 of the Dungeon.
You worshipped Fedhas.
Fedhas was noncommittal.
You were not hungry.

You visited 1 branch of the dungeon, and saw 4 of its levels.

You collected 140 gold pieces.

Inventory:

Hand Weapons
 a - a +0 war axe (weapon)
Armour
 b - a +0 scale mail (worn)
 c - a +0 kite shield (worn)
Jewellery
 e - an amulet of reflection (around neck)
 r - an uncursed ring of protection from fire {unknown}
 t - an uncursed ring of wizardry {unknown}
Wands
 p - a wand of iceblast (9)
Scrolls
 h - a scroll of amnesia {unknown}
 i - 3 scrolls of enchant armour {unknown}
 k - 4 scrolls of remove curse {unknown}
 m - 3 scrolls of identify {unknown}
 n - 2 scrolls of teleportation {unknown}
 o - a scroll of blinking {unknown}
 q - a scroll of magic mapping {unknown}
 u - a scroll of random uselessness {unknown}
Potions
 d - a potion of might
 g - a potion of stabbing {unknown}
 j - a potion of experience {unknown}
 l - a potion of flight
Comestibles
 f - 4 rations


   Skills:
 + Level 4.7 Fighting
 * Level 4.9 Axes
 + Level 4.7 Armour
 + Level 4.6 Shields


You had 4 spell levels left.
You didn't know any spells.
Your spell library was empty.

Dungeon Overview and Level Annotations

Branches:
Dungeon (4/15)
 Temple: D:4-7

Altars:
Elyvilon
Fedhas
Zin
The Shining One

Annotations:
D:4 Eustachio


Innate Abilities, Weirdness & Mutations

You reflexively headbutt those who attack you in melee.
You have a pair of horns on your head.


Message History

You block Eustachio's attack. The shadow imp gestures at you.
Pain shoots through your body!
* * * LOW HITPOINT WARNING * * *
You barely miss Eustachio. Your headbutt misses Eustachio.
Eustachio is severely wounded.
Your shield prevents you from hitting the white imp.
You miss the crimson imp. You closely miss the shadow imp.
The white imp hits you but does no damage.
You block the crimson imp's attack. Eustachio hits you but does no damage.
The shadow imp shouts, "Out, out, thou wayward rude-growing hedge-pig!"
The shadow imp hits you but does no damage.
You block the white imp's attack.
The crimson imp hits you but does no damage.
It was a potion of flight.
You feel very buoyant.
You fly up into the air.
You block the shadow imp's attack. Eustachio hits you with a +0 falchion.
You die...
Fedhas appreciates your contribution to the ecosystem.

#.#..## .#
.....## ...
##.....##..
##........#
#.........# #
#...<.....#.#
#...........#
#..>........#
........5@5...#
##.#....5.@...#
...........$#.#
..##..........##
## #..........#
#..........#
............
##.......#.##


You could see Eustachio, a crimson imp (summoned), a white imp (summoned) and a
shadow imp (summoned).

Vanquished Creatures
  A sky beast (D:3)
  2 adders
  A gnoll (D:2)
  2 oozes (D:1)
  2 worms
  3 dart slugs
  3 leopard geckos
  5 bats
  4 giant cockroaches
  7 hobgoblins
  13 jackals
  A quokka (D:2)
  2 ball pythons (D:3)
  5 frilled lizards
  5 goblins
  6 kobolds
  5 rats
67 creatures vanquished.

Notes
Turn   | Place    | Note
-------+----------+-------------------------------------------
     0 | D:1      | Mrkan the Minotaur Fighter began the quest for the Orb.
     0 | D:1      | Reached XP level 1. HP: 19/19 MP: 0/0
    94 | D:1      | Reached XP level 2. HP: 27/27 MP: 1/1
   760 | D:1      | Reached XP level 3. HP: 33/33 MP: 2/2
  1324 | D:2      | Reached XP level 4. HP: 38/40 MP: 3/3
  1660 | D:2      | Found a white marble altar of Elyvilon.
  1660 | D:2      | Found a glowing silver altar of Zin.
  1661 | D:2      | Found a glowing golden altar of the Shining One.
  2052 | D:3      | Noticed a sky beast
  2063 | D:3      | Killed a sky beast
  2063 | D:3      | Reached XP level 5. HP: 32/47 MP: 4/4
  2380 | D:3      | Found a blossoming altar of Fedhas.
  2412 | D:3      | Became a worshipper of Fedhas Madash
  2804 | D:4      | Noticed Eustachio
  2820 | D:4      | Slain by Eustachio

Illustrated notes

Levels and vault maps discovered:
D:1:      minmay_arrival_shattered_statue, layout_loops_corners
D:2:      layout_basic, good_gods_temple_1, first_ration, minmay_pentomino_q4
D:3:      layout_loops_ring, fedhas_altar_2, saegor_snake_ambush
D:4:      layout_rooms, uniq_eustachio

Skill      XL: |  1  2  3  4 |
---------------+-------------+-----
Axes           | 3 4 |  4.9
Shields        | 4 |  4.6
Fighting       | 4 |  4.7
Armour         | 4 |  4.7

Action                   |  1- 3 |  4- 6 || total
-------------------------+-------+-------++-------
Melee: War axe           |    93 |    91 ||   184
       Headbutt          |    12 |    14 ||    26
  Use: Potion            |       |     1 ||     1
  Eat: Chunk             |     1 |     5 ||     6
Armor: Scale mail        |    55 |    40 ||    95
Dodge: Dodged            |    27 |    29 ||    56
Block: Kite shield       |    42 |    84 ||   126
       Reflection        |       |     4 ||     4
